[Event "ICC tourney 1969 (45 10)"]
[Site "Internet Chess Club"]
[Date "2020.08.22"]
[Round "2"]
[White "annameiyappan"]
[Black "atult"]
[Result "0-1"]
[ICCResult "White resigns"]
[WhiteElo "2027"]
[BlackElo "1971"]
[Opening "Sicilian"]
[ECO "B50"]
[NIC "SI.01"]
[Time "13:31:25"]
[TimeControl "2700+10"]

1. e4 c5 2. Nf3 d6 3. c3 Nf6 4. Be2 g6 5. O-O Bg7 6. Bb5+ Bd7 7. Bxd7+ Nbxd7
8. Re1 O-O 9. d4 Rc8 10. Bf4 Qc7 11. Nbd2 cxd4 12. cxd4 e5 13. dxe5 dxe5 14.
Be3 b6 15. Rc1 Qb7 16. Qa4 Rfd8 17. h3 a6 18. Red1 h6 19. Rxc8 Rxc8 20. Ne1
Nc5 21. Bxc5 Rxc5 22. f3 b5 23. Qa3 Rc6 24. Qe3 Qc7 25. Nb3 Bf8 26. Nd3 Kh7
27. Rc1 Rc4 28. Nbc5 Qb6 29. b3 Rd4 30. b4 Qd6 31. a3 Nh5 32. Kh2 Be7 33.
Qe2 Bg5 34. Rc2 Bf4+ 35. Nxf4 Nxf4 36. Qf2 Rd1 37. g3 Nd3 38. Nxd3 Qxd3 39.
Qe2 Qxe2+ 40. Rxe2 Rd3 41. Kg2 Rxa3 42. Rb2 Kg7 43. Rc2 Rb3 44. Ra2 Rxb4 45.
Rxa6 Rb2+ 46. Kg1 Rb1+ 47. Kf2 b4 48. Rb6 b3 49. Kg2 b2 50. Rb7 Kf6 51. h4
h5 52. Rb6+ Ke7 53. g4 f6 54. Rb7+ Kd6 55. Rb8 Kc6 56. Kh2 Kc5 57. Kg2 Kd4
58. Rb7 Kc3 59. Rc7+ Kd2 60. Rd7+ Ke3 61. Rb7 hxg4 62. fxg4 Kf4 63. h5 gxh5
64. gxh5 Kg5 65. Rg7+ Kxh5 66. Rb7 Kg5 67. Rb6 Kf4 68. Rxf6+ Kxe4 69. Rb6
Ke3 70. Rb3+ Ke2 71. Rb4 Kd3 72. Rb8 e4 73. Rd8+ Ke2 74. Rb8 e3 75. Rb7 Ke1
76. Rb6 Rd1 {White resigns} 0-1

[Event "ICC tourney 1969 (45 10)"]
[Site "Internet Chess Club"]
[Date "2020.08.22"]
[Round "2"]
[White "SophylacticPlay"]
[Black "ramennoodle"]
[Result "1/2-1/2"]
[ICCResult "Game drawn by repetition"]
[WhiteElo "1473"]
[BlackElo "1259"]
[Opening "Nimzo-Indian: Kmoch variation"]
[ECO "E20"]
[NIC "NI.30"]
[Time "13:31:45"]
[TimeControl "2700+10"]

1. d4 Nf6 2. c4 e6 3. Nc3 Bb4 4. f3 c5 5. d5 exd5 6. cxd5 d6 7. e4 O-O 8.
Ne2 Nbd7 9. Ng3 Re8 10. Be2 Nf8 11. O-O Bd7 12. Qc2 Ng6 13. Nd1 b5 14. Ne3
c4 15. Nef5 Ne7 16. Nxe7+ Qxe7 17. a4 a6 18. Kh1 h5 19. Bg5 bxa4 20. Nxh5
Qe5 21. Nxf6+ gxf6 22. Be3 c3 23. Rad1 cxb2 24. Bd4 Qf4 25. Qxb2 Bc5 26.
Bxf6 Reb8 27. Qa1 Rb3 28. e5 Ra3 29. Qb2 Rb3 30. Qc2 Bf5 31. Bd3 Rxd3 32.
Rxd3 Bxd3 33. Qxd3 dxe5 34. d6 Qxf6 35. Qd5 Rd8 36. Qxc5 Qxd6 37. Qc4 Qd3
38. Qg4+ Kf8 39. Qb4+ Kg8 40. Qg4+ Kf8 41. Re1 Qd2 42. Qh4 Kg8 43. h3 f6 44.
Qc4+ Kf8 45. Re4 Rd4 46. Qc5+ Kf7 47. Qc7+ Kf8 48. Qc8+ Kf7 49. Rxd4 Qxd4
50. Qxa6 Qd1+ 51. Kh2 Qd4 52. Qb7+ Kf8 53. Qc8+ Kf7 54. Qc7+ Kf8 55. Qb8+
Kf7 56. Qb7+ Kf8 57. Qc8+ Kf7 58. Qc7+ Kf8 59. Qc6 Kf7 60. Qc2 Qb4 61. Qc7+
Kf8 62. Qd8+ Kf7 63. Qd7+ Kf8 64. Qd8+ Kf7 65. Qd7+ Kf8 66. Qd8+ Kf7 67.
Qd5+ Kf8 68. Qa8+ Kf7 69. Qa7+ Kf8 70. Qa8+ Kf7 71. Qd5+ Kf8 72. Qd8+ Kf7
73. Qd7+ Kf8 74. Qd8+ Kf7 75. Qd7+ Kf8 76. Qd8+ Kf7 {Game drawn by
repetition} 1/2-1/2

[Event "ICC tourney 1969 (45 10)"]
[Site "Internet Chess Club"]
[Date "2020.08.22"]
[Round "2"]
[White "dzchess01"]
[Black "saiabhi29"]
[Result "0-1"]
[ICCResult "White forfeits on time"]
[WhiteElo "1821"]
[BlackElo "2062"]
[Opening "Sicilian: Labourdonnais-Löwenthal (Kalashnikov) variation"]
[ECO "B32"]
[NIC "SI.32"]
[Time "13:31:25"]
[TimeControl "2700+10"]

1. e4 c5 2. Nf3 Nc6 3. d4 cxd4 4. Nxd4 e5 5. Nb5 d6 6. N1c3 a6 7. Na3 Be7 8.
Nc4 Nf6 9. Bd3 O-O 10. O-O Be6 11. Ne3 Nb4 12. a3 Nxd3 13. Qxd3 Qc7 14. Ned5
Nxd5 15. Nxd5 Bxd5 16. exd5 Rac8 17. c3 Qc4 18. Qxc4 Rxc4 19. Rd1 f5 20. Bd2
Rc5 21. Be3 Rc4 22. Bd2 b5 23. Rac1 Rfc8 24. f3 f4 25. Be1 Bf6 26. Bf2 Bd8
27. Kf1 a5 28. Ke2 b4 29. axb4 axb4 30. Be1 bxc3 31. Rxc3 Rxc3 32. Bxc3 Bb6
33. Bb4 Bc5 34. Rc1 Kf7 35. Bxc5 dxc5 36. Kd3 Ke7 37. Kc4 Ra8 38. b3 Kd6 39.
g3 Ra2 40. gxf4 exf4 41. Re1 Rc2+ 42. Kd3 Rxh2 43. Ke4 Rd2 44. Kxf4 Rxd5 45.
Ra1 Ke6 46. Ra7 Rd7 47. Ra5 Kd6 48. Ra6+ Kd5 49. Ra5 Rb7 50. Kg3 Kc6 51.
Ra6+ Rb6 52. Ra7 Rb7 53. Ra6+ Kb5 54. Ra8 Kc6 55. Ra6+ Kd5 56. Ra3 g6 57.
Kf2 g5 58. Kg3 h5 59. Kf2 Rf7 60. Kg3 Rb7 61. Kf2 Rb6 62. Kg3 Kd4 63. Ra4+
Rb4 64. Ra3 Rb5 65. Kf2 Kc3 66. f4 gxf4 {White forfeits on time} 0-1

[Event "ICC tourney 1969 (45 10)"]
[Site "Internet Chess Club"]
[Date "2020.08.22"]
[Round "3"]
[White "jy2020"]
[Black "HR2005"]
[Result "1-0"]
[ICCResult "Black resigns"]
[WhiteElo "2251"]
[BlackElo "2066"]
[Opening "Sicilian: Najdorf, Opocensky variation"]
[ECO "B92"]
[NIC "SI.10"]
[Time "16:01:46"]
[TimeControl "2700+10"]

1. e4 c5 2. Nf3 d6 3. d4 cxd4 4. Nxd4 Nf6 5. Nc3 a6 6. Be2 e5 7. Nf3 Be6 8.
Bg5 Nbd7 9. a4 Qc7 10. O-O h6 11. Be3 Ng4 12. Bc1 Be7 13. h3 Ngf6 14. Be3
Rc8 15. Nd5 Bxd5 16. exd5 Qxc2 17. Rc1 Qxc1 18. Bxc1 Nb6 19. Qb3 Nbxd5 20.
Bc4 Nf4 {Black resigns} 1-0

[Event "ICC tourney 1969 (45 10)"]
[Site "Internet Chess Club"]
[Date "2020.08.22"]
[Round "3"]
[White "tricksterssbu"]
[Black "sakethdesu"]
[Result "1-0"]
[ICCResult "Black checkmated"]
[WhiteElo "1622"]
[BlackElo "867"]
[Opening "Giuoco Pianissimo: Italian four knights variation"]
[ECO "C50"]
[NIC "IG.02"]
[Time "16:01:54"]
[TimeControl "2700+10"]

1. e4 e5 2. Nf3 Nc6 3. Bc4 Bc5 4. d3 Nf6 5. Nc3 d6 6. O-O Bg4 7. Na4 Nd4 8.
Nxc5 dxc5 9. Be3 Nxf3+ 10. gxf3 Bh3 11. Re1 b6 12. Kh1 O-O 13. Rg1 g6 14.
Bh6 Re8 15. f4 Bg4 16. Rxg4 Nxg4 17. Qxg4 Qd4 18. f5 Qxb2 19. Rg1 b5 20.
fxg6 hxg6 21. Qxg6+ Kh8 22. Qg7# {Black checkmated} 1-0

[Event "ICC tourney 1969 (45 10)"]
[Site "Internet Chess Club"]
[Date "2020.08.22"]
[Round "3"]
[White "CoolBruhO"]
[Black "Luc2008"]
[Result "0-1"]
[ICCResult "White checkmated"]
[WhiteElo "1254"]
[BlackElo "1586"]
[Opening "Durkin's attack"]
[ECO "A00"]
[Time "16:02:38"]
[TimeControl "2700+10"]

1. Na3 e5 2. b3 d5 3. c4 Nf6 4. Bb2 Nc6 5. e3 Be7 6. Nf3 Bg4 7. Be2 d4 8. h3
Bxf3 9. Bxf3 e4 10. Be2 d3 11. Bg4 Bxa3 12. Bxa3 h5 13. Bf5 g6 14. Bxg6 fxg6
15. O-O Ng4 16. hxg4 Qh4 17. g5 Qxg5 18. f3 O-O-O 19. fxe4 h4 20. Rf4 h3 21.
Bb2 Qxg2# {White checkmated} 0-1

[Event "ICC tourney 1969 (45 10)"]
[Site "Internet Chess Club"]
[Date "2020.08.22"]
[Round "3"]
[White "Jeffchess"]
[Black "Chris0708"]
[Result "0-1"]
[ICCResult "White checkmated"]
[WhiteElo "1347"]
[BlackElo "1279"]
[Opening "Giuoco Piano: four knights variation"]
[ECO "C47"]
[NIC "KP.06"]
[Time "16:01:42"]
[TimeControl "2700+10"]

1. e4 e5 2. Nf3 Nc6 3. Nc3 Nf6 4. Bc4 Bc5 5. a3 d6 6. d3 h6 7. h3 Be6 8.
Bxe6 fxe6 9. Nh4 Ne7 10. Be3 Bb6 11. Bxb6 axb6 12. f4 exf4 13. O-O e5 14.
Qf3 g5 15. Nf5 Nxf5 16. exf5 c6 17. Ne4 Qe7 18. Rae1 O-O-O 19. Re2 d5 20.
Nxf6 Qxf6 21. Rfe1 Rde8 22. d4 e4 23. Qc3 Qxf5 24. g4 Qf7 25. Rg2 h5 26. Kf2
f3 27. Rg3 h4 28. Rgg1 Qf4 29. Rh1 Qg3+ 30. Ke3 f2+ 31. Kd2 Qxc3+ 32. Kxc3
fxe1=Q+ 33. Rxe1 Rhf8 34. Kb4 e3 35. c4 e2 36. cxd5 cxd5 37. Rc1+ Kb8 38.
Kb5 e1=Q 39. Rc3 Qxc3 40. bxc3 Rc8 41. a4 Rxc3 42. Kxb6 Rc4 43. a5 Rf6+ 44.
Kb5 Ka7 45. a6 bxa6+ 46. Ka5 Ra4+ 47. Kxa4 Rf4 48. Ka5 Rxg4 49. hxg4 h3 50.
Kb4 h2 51. Kc5 h1=Q 52. Kd6 Kb6 53. Ke5 Qe4+ 54. Kf6 Qxg4 55. Kf7 Qxd4 56.
Kg6 Qc5 57. Kxg5 d4+ 58. Kf4 d3 59. Kf3 d2 60. Ke2 d1=Q+ 61. Kxd1 Qf2 62.
Kc1 Kb5 63. Kb1 Kb4 64. Ka1 Kb3 65. Kb1 Qb2# {White checkmated} 0-1

[Event "ICC tourney 1969 (45 10)"]
[Site "Internet Chess Club"]
[Date "2020.08.22"]
[Round "3"]
[White "NeevG"]
[Black "stgummadi"]
[Result "1-0"]
[ICCResult "Black resigns"]
[WhiteElo "1292"]
[BlackElo "1398"]
[Opening "Sicilian"]
[ECO "B56"]
[NIC "SI.25"]
[Time "16:02:38"]
[TimeControl "2700+10"]

1. e4 c5 2. Nf3 d6 3. d4 cxd4 4. Nxd4 Nf6 5. Nc3 Nc6 6. Be3 e5 7. Nf3 Be7 8.
Bc4 O-O 9. O-O a6 10. h3 b5 11. Bb3 b4 12. Nd5 Nxe4 13. Nxe7+ Qxe7 14. Qd5
Bb7 15. Qxe4 Nd4 16. Qg4 Nxf3+ 17. gxf3 Kh8 18. Kh2 f5 19. Qg2 f4 20. Bd2 h6
21. Bxb4 a5 22. Bc3 d5 23. a4 e4 24. Rae1 Qc7 25. Rg1 Rf7 26. fxe4 dxe4 27.
Bxf7 Qxf7 28. Qxg7+ Qxg7 29. Rxg7 Ba6 {Black resigns} 1-0

[Event "ICC tourney 1969 (45 10)"]
[Site "Internet Chess Club"]
[Date "2020.08.22"]
[Round "3"]
[White "spamazing26"]
[Black "dxzhou"]
[Result "1/2-1/2"]
[ICCResult "Game drawn by mutual agreement"]
[WhiteElo "1685"]
[BlackElo "1887"]
[Opening "QGD: classical variation (5.Bf4)"]
[ECO "D37"]
[NIC "QP.08"]
[Time "16:02:10"]
[TimeControl "2700+10"]

1. d4 d5 2. c4 e6 3. Nf3 Nf6 4. Nc3 Be7 5. Bf4 a6 6. cxd5 exd5 7. e3 O-O 8.
h3 Bf5 9. Bd3 Bxd3 10. Qxd3 Nc6 11. Ne5 Nxe5 12. dxe5 Ne4 13. Nxd5 Nc5 14.
Nxe7+ Qxe7 15. Qc2 Ne6 16. O-O Nxf4 17. exf4 Rfd8 18. Rac1 c6 19. Rfd1 h6
20. Qb3 Rac8 21. Rd3 Rxd3 22. Qxd3 Rd8 23. Qc3 Rd5 24. Re1 Qd7 25. Qf3 Rd3
26. Re3 Rxe3 27. Qxe3 Qd5 28. Qb3 Qd2 29. g3 Qe1+ 30. Kg2 Qe4+ 31. Qf3 Qc2
32. Qc3 Qe4+ 33. Qf3 {Game drawn by mutual agreement} 1/2-1/2

[Event "ICC tourney 1969 (45 10)"]
[Site "Internet Chess Club"]
[Date "2020.08.22"]
[Round "3"]
[White "burstninja"]
[Black "chessforme17"]
[Result "0-1"]
[ICCResult "White resigns"]
[WhiteElo "1667"]
[BlackElo "1983"]
[Opening "Grünfeld: exchange, classical variation"]
[ECO "D87"]
[NIC "GI.05"]
[Time "16:01:43"]
[TimeControl "2700+10"]

1. d4 Nf6 2. c4 g6 3. Nc3 d5 4. cxd5 Nxd5 5. e4 Nxc3 6. bxc3 Bg7 7. Bc4 c5
8. Ne2 Nc6 9. Be3 O-O 10. O-O b6 11. Rc1 Bb7 12. f3 e6 13. dxc5 Qc7 14. Qb3
Na5 15. Qb4 bxc5 16. Bxc5 Nxc4 17. Bxf8 Bxf8 18. Qa4 Bc5+ 19. Nd4 Nb6 20.
Qb3 e5 21. Kh1 Ba6 22. Nb5 Qc6 23. c4 Nxc4 24. Qxc4 Bxb5 25. Qxc5 Qxc5 26.
Rxc5 Bxf1 27. Rxe5 Bc4 28. a3 a5 29. Kg1 a4 30. Rc5 Bb3 31. Kf2 Rd8 32. Ke3
Rd1 33. f4 Ra1 34. f5 Kg7 35. g4 gxf5 36. exf5 Rxa3 37. g5 Ra1 38. f6+ Kg6
39. Kf4 Rf1+ 40. Kg3 Rf5 41. Rc8 Rxg5+ 42. Kh4 Rg4+ 43. Kxg4 Be6+ 44. Kf3
Bxc8 45. Ke3 Kxf6 46. Kd3 Bd7 47. h4 h5 48. Kd2 Bb5 49. Kc3 Kf5 50. Kd2 Kg4
51. Kc3 Bc4 52. Kxc4 f5 53. Kd3 a3 54. Kc2 f4 55. Kd2 a2 56. Kc2 a1=Q 57.
Kb3 Qe1 58. Kc2 f3 59. Kb3 f2 60. Kc2 f1=Q 61. Kb2 Qee2+ 62. Ka3 Qff3+ 63.
Kb4 Qee4+ 64. Kc5 Qff5+ 65. Kd6 Qee6+ 66. Kc7 Qff7+ {White resigns} 0-1

[Event "ICC tourney 1969 (45 10)"]
[Site "Internet Chess Club"]
[Date "2020.08.22"]
[Round "3"]
[White "SunnyDays0"]
[Black "Pranavs23"]
[Result "1-0"]
[ICCResult "Black checkmated"]
[WhiteElo "1156"]
[BlackElo "863"]
[Opening "Queen's pawn, Mason variation"]
[ECO "D00"]
[NIC "QP.08"]
[Time "16:02:05"]
[TimeControl "2700+10"]

1. d4 d5 2. Bf4 Nc6 3. e3 Nf6 4. Nf3 e6 5. Nbd2 Bd6 6. c3 Bxf4 7. exf4 Qd6
8. Ne5 Ne4 9. Bd3 Nxd2 10. Qxd2 Nxe5 11. fxe5 Qe7 12. O-O f6 13. Qe2 Bd7 14.
Qh5+ Qf7 15. Qxf7+ Kxf7 16. f4 f5 17. h3 g6 18. g4 Rhg8 19. Kf2 a6 20. c4
dxc4 21. Bxc4 Bb5 22. Bxb5 axb5 23. Rac1 c6 24. a3 Ra4 25. Rfd1 Ke7 26. Ra1
Rd8 27. Ke3 b4 28. axb4 Rxb4 29. Ra7 Rxb2 30. Rc1 Rc8 31. Kd3 fxg4 32. hxg4
h5 33. gxh5 gxh5 34. Rg1 Kf7 35. Kc3 Rf2 36. Rxb7+ Kf8 37. Rh7 Rf3+ 38. Kc4
Rxf4 39. Rh8+ Ke7 40. Rxc8 Kd7 41. Rh8 Rf7 42. Rxh5 Kc7 43. Kc5 Rd7 44. Rh6
Rd5+ 45. Kc4 c5 46. Rg7+ Rd7 47. Rxd7+ Kxd7 48. Kxc5 Ke7 49. Rh7+ Ke8 50.
Kd6 Kd8 51. Rh8# {Black checkmated} 1-0

[Event "ICC tourney 1969 (45 10)"]
[Site "Internet Chess Club"]
[Date "2020.08.22"]
[Round "3"]
[White "ITOT"]
[Black "annameiyappan"]
[Result "1-0"]
[ICCResult "Black resigns"]
[WhiteElo "1893"]
[BlackElo "2031"]
[Opening "Scandinavian (center counter) defense"]
[ECO "B01"]
[NIC "SD.01"]
[Time "16:01:51"]
[TimeControl "2700+10"]

1. e4 d5 2. exd5 Qxd5 3. Nc3 Qa5 4. d4 c6 5. Bc4 Nf6 6. Bd2 Bf5 7. Nf3 Qc7
8. Ne5 e6 9. g4 Bg6 10. h4 Nbd7 11. Bf4 Bd6 12. Qe2 Bxe5 13. dxe5 Nd5 14.
Bxd5 cxd5 15. h5 Bxc2 16. Nb5 Qc6 17. Nd6+ Ke7 18. Rc1 d4 19. Rh3 d3 20.
Rxd3 Bxd3 21. Qxd3 Qb6 22. Qa3 Nc5 23. Rxc5 Kd7 24. Rb5 Qc6 25. Rxb7+ Qxb7
26. Nxb7 {Black resigns} 1-0

[Event "ICC tourney 1969 (45 10)"]
[Site "Internet Chess Club"]
[Date "2020.08.22"]
[Round "3"]
[White "vishalanil"]
[Black "avats"]
[Result "1-0"]
[ICCResult "Black resigns"]
[WhiteElo "1885"]
[BlackElo "1578"]
[Opening "French: exchange variation"]
[ECO "C01"]
[NIC "FR.01"]
[Time "16:01:46"]
[TimeControl "2700+10"]

1. e4 e6 2. d4 d5 3. exd5 exd5 4. Bd3 Nf6 5. Nf3 Be7 6. O-O O-O 7. Re1 c6 8.
c3 Bg4 9. h3 Bxf3 10. Qxf3 Nbd7 11. Bg5 h6 12. Bh4 Re8 13. Nd2 Nb6 14. b3
Qc7 15. Qf5 Qd7 16. Qf3 Nh7 17. Bf5 Qd8 18. Bg3 Nf8 19. Nf1 Bf6 20. Ne3 Bh4
21. Ng4 Bxg3 22. Qxg3 Kh8 23. Ne5 Qf6 24. Bc2 Re6 25. Re3 Rae8 26. Rf3 Qe7
27. Rxf7 {Black resigns} 1-0

[Event "ICC tourney 1969 (45 10)"]
[Site "Internet Chess Club"]
[Date "2020.08.22"]
[Round "3"]
[White "ramennoodle"]
[Black "Andy0507"]
[Result "1/2-1/2"]
[ICCResult "Game drawn by mutual agreement"]
[WhiteElo "1920"]
[BlackElo "2305"]
[Opening "English: symmetrical, Botvinnik system"]
[ECO "B20"]
[NIC "EO.30"]
[Time "16:01:59"]
[TimeControl "2700+10"]

1. e4 c5 2. c4 Nc6 3. Nc3 g6 4. g3 Bg7 5. Bg2 d6 6. Nge2 Nf6 7. O-O O-O 8.
d3 Rb8 9. h3 Ne8 10. Be3 Nc7 11. a4 Ne6 12. f4 Ned4 13. Bf2 a6 14. Nxd4 Nxd4
15. Ne2 Nxe2+ 16. Qxe2 b5 17. cxb5 axb5 18. axb5 Qb6 19. Be1 c4+ 20. Bf2
cxd3 21. Qxd3 Qxb5 22. Qxb5 Rxb5 23. Ra7 e5 24. Rd1 Rd8 25. Ra8 Rf8
{Game drawn by mutual agreement}
1/2-1/2

[Event "ICC tourney 1969 (45 10)"]
[Site "Internet Chess Club"]
[Date "2020.08.22"]
[Round "3"]
[White "imranchamp"]
[Black "davika21"]
[Result "0-1"]
[ICCResult "White checkmated"]
[WhiteElo "1660"]
[BlackElo "1910"]
[Opening "Hungarian defense"]
[ECO "C50"]
[NIC "IG.03"]
[Time "16:01:49"]
[TimeControl "2700+10"]

1. e4 e5 2. Nf3 Nc6 3. Bc4 Be7 4. O-O Nf6 5. d3 O-O 6. c3 d5 7. exd5 Nxd5 8.
Nbd2 Nb6 9. Bb5 f6 10. Nc4 Nxc4 11. Bxc4+ Kh8 12. Bb3 Bf5 13. Bc2 Qd7 14. h3
Rad8 15. Qd2 Bxd3 16. Rd1 e4 17. Ne1 Ne5 18. Nxd3 exd3 19. Bb1 Rfe8 20. f4
Bc5+ 21. Kh2 Nf3+ 22. gxf3 Re2+ 23. Qxe2 dxe2 24. Rxd7 Rxd7 25. Bd2 Rxd2 26.
Bf5 Rd1 27. Rxd1 exd1=Q 28. Bxh7 Qg1# {White checkmated} 0-1

[Event "ICC tourney 1969 (45 10)"]
[Site "Internet Chess Club"]
[Date "2020.08.22"]
[Round "3"]
[White "sirking2800"]
[Black "happyscientist"]
[Result "1-0"]
[ICCResult "Black resigns"]
[WhiteElo "2009"]
[BlackElo "1682"]
[Opening "Ruy Lopez: 5.O-O"]
[ECO "C78"]
[NIC "RL.12"]
[Time "16:02:29"]
[TimeControl "2700+10"]

1. e4 e5 2. Nf3 Nc6 3. Bb5 a6 4. Ba4 Nf6 5. O-O b5 6. Bb3 Bc5 7. Nxe5 Nxe5
8. d4 Bxd4 9. Qxd4 d6 10. f4 Ng6 11. Bd5 Nxd5 12. Qxd5 Bd7 13. f5 Ne5 14.
Bf4 Bc6 15. Qd4 O-O 16. Nc3 Re8 17. Rad1 f6 18. Nd5 Qd7 19. Qc3 Bb7 20. Nxc7
Rac8 21. Qb3+ Kh8 22. Nxe8 Rxe8 23. Bxe5 Rxe5 24. Qa3 Bxe4 25. Qxd6 Qxd6 26.
Rxd6 h6 27. Re1 Bxf5 28. Rxe5 fxe5 29. Rxa6 Bxc2 30. Ra5 Bd3 31. Kf2 e4 32.
Ke3 Kh7 33. Ra6 h5 34. Rd6 g6 35. Rxd3 exd3 36. Kxd3 h4 37. b4 Kh6 38. a4
bxa4 39. b5 h3 40. g3 Kg5 41. b6 Kg4 42. b7 Kf3 43. b8=Q Kg2 44. g4 a3 45.
Qg3+ {Black resigns} 1-0

[Event "ICC tourney 1969 (45 10)"]
[Site "Internet Chess Club"]
[Date "2020.08.22"]
[Round "3"]
[White "tcao"]
[Black "laksa"]
[Result "1-0"]
[ICCResult "Black checkmated"]
[WhiteElo "1943"]
[BlackElo "2090"]
[Opening "Two knights defense"]
[ECO "C55"]
[NIC "IG.01"]
[Time "16:01:48"]
[TimeControl "2700+10"]

1. e4 e5 2. Nf3 Nc6 3. Bc4 Nf6 4. O-O Nxe4 5. d3 Nd6 6. Bb3 Be7 7. Re1 O-O
8. Nxe5 Nd4 9. Nc3 c6 10. Qh5 Nxb3 11. axb3 g6 12. Qe2 Bf6 13. Ng4 Bg7 14.
Nh6+ Kh8 15. Bf4 Qf6 16. Qd2 Nf5 17. Bg5 Qd4 18. Nxf5 gxf5 19. Ra4 Qb6 20.
Rh4 c5 21. Nd5 Qg6 22. Ne7 Qb6 23. Nxf5 Bxb2 24. Be7 Rg8 25. Nh6 Rg7 26. Bf6
Qxf6 27. Re8+ Rg8 28. Rxg8# {Black checkmated} 1-0

[Event "ICC tourney 1969 (45 10)"]
[Site "Internet Chess Club"]
[Date "2020.08.22"]
[Round "3"]
[White "tanishqchess"]
[Black "MateOnF7"]
[Result "0-1"]
[ICCResult "White resigns"]
[WhiteElo "988"]
[BlackElo "1887"]
[Opening "Giuoco Piano: Aitken variation"]
[ECO "C54"]
[NIC "IG.02"]
[Time "16:02:05"]
[TimeControl "2700+10"]

1. e4 e5 2. Nf3 Nc6 3. Bc4 Bc5 4. c3 Nf6 5. d4 exd4 6. cxd4 Bb4+ 7. Nc3 Nxe4
8. O-O Nxc3 9. bxc3 Bxc3 10. Ba3 d5 11. Bb5 Qf6 12. Qe2+ Kd8 13. Rac1 Nxd4
14. Nxd4 Bxd4 15. Rcd1 Be6 16. Rd3 c6 17. Ba4 Re8 18. Qd2 Bb6 19. Bb2 Qh6
20. Qxh6 gxh6 21. Re1 Bc7 22. Be5 Bxe5 23. Rxe5 Kc7 24. f4 Bg4 25. Rxe8 Rxe8
26. Rxd5 Re1+ 27. Kf2 Re2+ 28. Kf1 cxd5 {White resigns} 0-1

[Event "ICC tourney 1969 (45 10)"]
[Site "Internet Chess Club"]
[Date "2020.08.22"]
[Round "3"]
[White "vyomvidy"]
[Black "lemonoosa"]
[Result "1-0"]
[ICCResult "Black resigns"]
[WhiteElo "2252"]
[BlackElo "2043"]
[Opening "Queen's pawn: Chigorin variation"]
[ECO "D00"]
[NIC "VO.15"]
[Time "16:02:02"]
[TimeControl "2700+10"]

1. Nc3 d5 2. d4 Nf6 3. Bf4 Bf5 4. f3 e6 5. g4 Bg6 6. h4 h6 7. e3 Bd6 8. Nh3
Nc6 9. Bd3 Bxd3 10. Qxd3 Qe7 11. O-O-O O-O-O 12. Bxd6 Qxd6 13. Nf4 Rhe8 14.
g5 Nd7 15. gxh6 gxh6 16. Qh7 Qf8 17. Rhg1 Nf6 18. Qg7 Qe7 19. Nd3 e5 20.
dxe5 Nxe5 21. Nxe5 Qxe5 22. Qxh6 Qxe3+ 23. Qxe3 Rxe3 24. Rg7 Rxf3 25. Rxf7
c6 26. Rg1 Rd7 27. Rgg7 Rf1+ 28. Nd1 Rxf7 29. Rxf7 Rf4 30. c3 Nh5 31. Rxf4
Nxf4 32. Kd2 Kd7 33. Nf2 Ke6 34. Nd3 Ng2 35. h5 Kf5 36. Nc5 b6 37. Na6 Kg5
38. Nb4 c5 39. Nxd5 Kxh5 40. Ne7 a6 41. Nd5 b5 42. Nc7 Kg4 43. Nxa6 Kf4 44.
Nxc5 Ke5 45. Nd3+ Ke4 46. Ne1 Ne3 47. b3 Nd5 48. Nc2 Ke5 49. Nd4 b4 50. Nc6+
{Black resigns}
1-0

[Event "ICC tourney 1969 (45 10)"]
[Site "Internet Chess Club"]
[Date "2020.08.22"]
[Round "3"]
[White "mrmusicwriter5"]
[Black "VishyNo1"]
[Result "1-0"]
[ICCResult "Black checkmated"]
[WhiteElo "1922"]
[BlackElo "2056"]
[Opening "Ruy Lopez: closed, 7...O-O"]
[ECO "C88"]
[NIC "RL.17"]
[Time "16:01:44"]
[TimeControl "2700+10"]

1. e4 e5 2. Nf3 Nc6 3. Bb5 a6 4. Ba4 Nf6 5. O-O Be7 6. Re1 b5 7. Bb3 O-O 8.
d4 exd4 9. e5 Ne8 10. c3 dxc3 11. Nxc3 d6 12. Qd5 Bb7 13. e6 f5 14. Qd1 Kh8
15. Bf4 Na5 16. Bc2 c5 17. Nd5 Bxd5 18. Qxd5 Nc7 19. Qd2 Nc4 20. Qc1 Nd5 21.
Bg5 h6 22. Bxh6 Bf6 23. Bg5 Qe7 24. h4 Nxb2 25. Qxb2 Bxb2 26. Bxe7 Nxe7 27.
Rad1 d5 28. Ne5 Bxe5 29. Rxe5 Rac8 30. g4 g6 31. h5 fxg4 32. hxg6 Kg7 33.
Rg5 Rf6 34. Rxg4 Rxe6 35. Kg2 Re2 36. Bd3 Rxa2 37. Re1 Ng8 38. Rh4 Rf8 39.
Rh7+ Kf6 40. Re3 c4 41. Bb1 Rb2 42. Rf3+ Kg5 43. Rxf8 Rxb1 44. Rxg8 c3 45.
g7 Rb4 46. Rf8 Rg4+ 47. Kf1 c2 48. g8=Q# {Black checkmated} 1-0

[Event "ICC tourney 1969 (45 10)"]
[Site "Internet Chess Club"]
[Date "2020.08.22"]
[Round "3"]
[White "Ayushb"]
[Black "town"]
[Result "0-1"]
[ICCResult "White resigns"]
[WhiteElo "1726"]
[BlackElo "2130"]
[Opening "Sicilian: Kan variation"]
[ECO "B41"]
[NIC "SI.41"]
[Time "16:02:05"]
[TimeControl "2700+10"]

1. e4 c5 2. Nf3 e6 3. d4 cxd4 4. Nxd4 a6 5. Be2 Nf6 6. Nc3 Qc7 7. Qd3 b5 8.
Bf3 Bb7 9. O-O d6 10. Bg5 Nbd7 11. Bxf6 Nxf6 12. a3 Be7 13. Rfe1 Nd7 14. Be2
O-O 15. f4 Bf6 16. Kh1 Nb6 17. Bf3 Rac8 18. Nce2 Rfd8 19. c3 e5 20. Nf5 d5
21. Qc2 exf4 22. Ned4 g6 23. Bh5 gxh5 24. Qe2 Kh8 25. Qxh5 Rg8 26. Nh6 Rg6
27. e5 Bg7 28. Ndf5 d4 {White resigns} 0-1

[Event "ICC tourney 1969 (45 10)"]
[Site "Internet Chess Club"]
[Date "2020.08.22"]
[Round "3"]
[White "saiabhi29"]
[Black "binomialfactor"]
[Result "0-1"]
[ICCResult "White resigns"]
[WhiteElo "2054"]
[BlackElo "2214"]
[Opening "Queen's pawn, Mason variation"]
[ECO "D00"]
[NIC "QP.08"]
[Time "16:01:47"]
[TimeControl "2700+10"]

1. d4 d5 2. Bf4 Nf6 3. e3 c5 4. c3 Nc6 5. Nd2 Bf5 6. Qb3 Qb6 7. dxc5 Qxb3 8.
Nxb3 e5 9. Bg3 Nd7 10. Bb5 f6 11. Rd1 a6 12. Ba4 Be6 13. Bxc6 bxc6 14. Na5
Nxc5 15. Nxc6 a5 16. b4 Ne4 17. Ne2 axb4 18. Nxb4 Nxc3 19. Nxd5 Nxd5 20. O-O
Rxa2 21. Nc1 Rc2 22. Nd3 Nc3 23. Ra1 Bc4 24. Ra8+ Kf7 {White resigns} 0-1

[Event "ICC tourney 1969 (45 10)"]
[Site "Internet Chess Club"]
[Date "2020.08.22"]
[Round "3"]
[White "atult"]
[Black "xiaoqixia"]
[Result "0-1"]
[ICCResult "White resigns"]
[WhiteElo "1774"]
[BlackElo "2133"]
[Opening "Petrov: Nimzovich attack"]
[ECO "C42"]
[NIC "RG.03"]
[Time "16:02:27"]
[TimeControl "2700+10"]

1. e4 e5 2. Nf3 Nf6 3. Nxe5 d6 4. Nf3 Nxe4 5. Nc3 Nxc3 6. dxc3 Be7 7. h3 Nc6
8. Bc4 Bf5 9. Bd3 Qd7 10. Bf4 O-O-O 11. Qd2 Bxd3 12. Qxd3 Qe6+ 13. Qe2 Rhe8
14. Qxe6+ fxe6 15. O-O-O e5 16. Bg3 Rf8 17. Rhe1 Rf5 18. c4 b6 19. c3 a5 20.
b3 Rdf8 21. Re4 Bg5+ 22. Nxg5 Rxg5 23. Rf1 Rxg3 {White resigns} 0-1

[Event "ICC tourney 1969 (45 10)"]
[Site "Internet Chess Club"]
[Date "2020.08.22"]
[Round "3"]
[White "sathviks"]
[Black "Chessking2008"]
[Result "1-0"]
[ICCResult "Black resigns"]
[WhiteElo "2045"]
[BlackElo "2127"]
[Opening "Sicilian: Pin, Koch variation"]
[ECO "B41"]
[NIC "SI.41"]
[Time "16:02:11"]
[TimeControl "2700+10"]

1. e4 c5 2. Nf3 e6 3. d4 cxd4 4. Nxd4 Nf6 5. Nc3 Bb4 6. e5 Nd5 7. Bd2 Nxc3
8. bxc3 Bc5 9. Bd3 Nc6 10. Nxc6 bxc6 11. Qg4 g6 12. O-O O-O 13. Bh6 Re8 14.
h4 Bf8 15. Bxf8 Rxf8 16. Rae1 d5 17. h5 Kh8 18. Re3 g5 19. f4 c5 20. fxg5 c4
21. Be2 Bd7 22. Rf6 Qe7 23. Rh3 Rg8 24. Qf4 Be8 25. Bg4 Qc5+ 26. Kh2 Rb8 27.
g6 Rb1 28. Re3 Rb7 29. Rf3 Rb1 30. gxf7 Qg1+ 31. Kg3 Rxg4+ 32. Kxg4 Qxg2+
33. Qg3 Qxg3+ 34. Kxg3 {Black resigns} 1-0